 Dungeon Crawl Stone Soup version 0.19-a0-1008-g4c63d25 (webtiles) character file.

1375 Implojin the Grappler (level 8, -1/64 HPs)
             Began as a Minotaur Fighter on July 21, 2016.
             Was an Initiate of Okawaru.
             Slain by a killer bee (6 damage)
             ... on level 6 of the Dungeon.
             The game lasted 00:10:54 (1810 turns).

Implojin the Grappler (Minotaur Fighter)            Turns: 1810, Time: 00:10:55

Health: -1/64      AC:  8    Str: 20    XL:     8   Next: 39%
Magic:  7/7        EV:  5    Int:  5    God:    Okawaru [......]
Gold:   38         SH:  9    Dex: 13    Spells: 0 memorised, 7 levels left

rFire  . . .     SeeInvis .       - Unarmed
rCold  . . .     Gourm    .     j - -2 chain mail (curse)
rNeg   . . .     Faith    .     b - +0 shield
rPois  .         Spirit   .     (helmet restricted)
rElec  .         Dismiss  .     k - +0 cloak
rCorr  .         Reflect  .     (no gloves)
SustAt .         Harm     .     (no boots)
MR     .....                    (no amulet)
Stlth  ..........               (no ring)
                                (no ring)

@: lethally poisoned (-1 -> -11), not resistant to hostile enchantments,
extremely unstealthy
A: retaliatory headbutt, horns 2
a: Renounce Religion


You were on level 6 of the Dungeon.
You worshipped Okawaru.
Okawaru was noncommittal.
You were not hungry.

You visited 2 branches of the dungeon, and saw 8 of its levels.

You collected 38 gold pieces.

Inventory:

Missiles
 g - 2 javelins (quivered)
Armour
 a - a +0 scale mail
 b - a +0 shield (worn)
 i - a +0 ring mail
 j - a cursed -2 chain mail (worn)
 k - a +0 cloak (worn)
Jewellery
 e - an uncursed ring of fire
Wands
 l - a wand of acid (0/15)
Scrolls
 c - 2 scrolls of remove curse
Potions
 f - a potion of flight
Comestibles
 d - 6 bread rations
 h - a royal jelly
 n - 4 chunks of flesh


   Skills:
 - Level 3.6 Fighting
 - Level 3.6 Armour
 - Level 3.6 Shields
 * Level 11.3 Unarmed Combat


You had 7 spell levels left.
You didn't know any spells.

Dungeon Overview and Level Annotations

Branches:
Dungeon (7/15)             Temple (1/1) D:6

Altars:
Ashenzari
Cheibriados
Elyvilon
Fedhas
Gozag
Hepliaklqana
Okawaru
Pakellas
Qazlal
Ru
Vehumet
Yredelemnul
Zin
The Shining One

Annotations:
D:4 daryashkoh's ghost, weakling DsAK
D:5 Eustachio
D:6 Pikel


Innate Abilities, Weirdness & Mutations

You reflexively headbutt those who attack you in melee.
You have a pair of horns on your head.


Message History

Unknown command.
You block the killer bee's attack.
The killer bee buzzes angrily.
The killer bee barely misses you.
The killer bee stings you but does no damage.
The killer bee stings you.
* * * LOW HITPOINT WARNING * * *
There is a stone staircase leading up here.
Unknown command.
The killer bee stings you but does no damage. x2
You climb upwards.
Level annotation: Pikel
There is a stone staircase leading down here.
Unknown command.
Unknown command.
Unknown command.
You closely miss the killer bee. Your headbutt misses the killer bee.
The killer bee is lightly wounded.
The killer bee stings you but does no damage. x2
You closely miss the killer bee.
The killer bee is lightly wounded.
You block the killer bee's attack.
You closely miss the killer bee.
The killer bee is lightly wounded.
You block the killer bee's attack. The killer bee stings you.
* * * LOW HITPOINT WARNING * * *
You are poisoned.
The killer bee poisons you!
Unknown command.
You miss the killer bee.
The killer bee is lightly wounded.
You feel sick.
The killer bee stings you but does no damage. x2
You miss the killer bee. You headbutt the killer bee!
The killer bee is severely wounded.
You feel sick. The killer bee stings you.
* * * LOW HITPOINT WARNING * * *
You are lethally poisoned!
The killer bee poisons you! The killer bee stings you.
You die...

###. ####.....
###........
#.y@....... * ,
#..............
* ,
##.............
#.............
##............
#............
##...........
#........... ,
*


You could see a killer bee.

Vanquished Creatures
  Grinder (D:4)
  2 orc warriors
  3 sky beasts
  A centaur (D:5)
  A giant frog (D:5)
  A water moccasin zombie (D:5)
  A scorpion (D:4)
  3 killer bees (D:7)
  2 crimson imps
  3 orc priests
  Crazy Yiuf (D:4)
  2 orc wizards
  An iguana (D:5)
  A worker ant (D:6)
  An adder (D:3)
  A dart slug (D:1)
  14 orcs
  A giant cockroach (D:3)
  2 hobgoblins
  3 jackals (D:6)
  A quokka (D:4)
  6 giant newts
  A kobold (D:2)
  A quokka skeleton (D:5)
  4 rats
58 creatures vanquished.

Notes
Turn   | Place    | Note
-------+----------+-------------------------------------------
     0 | D:1      | Implojin the Minotaur Fighter began the quest for the Orb.
     0 | D:1      | Reached XP level 1. HP: 19/19 MP: 0/0
   196 | D:3      | Reached skill level 3 in Unarmed Combat
   196 | D:3      | Reached XP level 2. HP: 26/26 MP: 1/1
   298 | D:4      | Noticed a crimson imp
   316 | D:4      | Noticed Grinder
   330 | D:4      | Killed a crimson imp
   330 | D:4      | Reached skill level 4 in Unarmed Combat
   330 | D:4      | Reached XP level 3. HP: 8/31 MP: 2/2
   331 | D:4      | Killed Grinder
   331 | D:4      | Reached skill level 6 in Unarmed Combat
   331 | D:4      | Reached XP level 4. HP: 10/39 MP: 3/3
   331 | D:4      | Reached XP level 5. HP: 11/45 MP: 4/4
   374 | D:5      | Entered Level 5 of the Dungeon
   374 | D:5      | Noticed Eustachio
   397 | D:4      | Noticed daryashkoh's ghost (weakling DsAK)
   477 | D:3      | Gained mutation: You are frail. (-10% HP) [potion of mutation]
   477 | D:3      | Gained mutation: Scrolls take you a little longer to read. [potion of mutation]
   477 | D:3      | Gained mutation: You passively map a small area around you. [potion of mutation]
   710 | D:4      | Found a runed door.
   714 | D:4      | Noticed Crazy Yiuf
   722 | D:4      | Killed Crazy Yiuf
   722 | D:4      | Reached skill level 7 in Unarmed Combat
   722 | D:4      | Reached XP level 6. HP: 15/45 MP: 5/5
   884 | D:5      | Noticed a sky beast
   892 | D:6      | Noticed an orc warrior
   976 | D:5      | Killed a sky beast
   976 | D:5      | Reached skill level 8 in Unarmed Combat
   989 | D:5      | Reached XP level 7. HP: 14/51 MP: 6/6
  1098 | D:5      | Reached skill level 9 in Unarmed Combat
  1201 | D:6      | Noticed Pikel
  1203 | D:6      | Lost mutation: You are frail. (-10% HP) [potion of cure mutation]
  1203 | D:6      | Lost mutation: You passively map a small area around you. [potion of cure mutation]
  1203 | D:6      | Lost mutation: Scrolls take you a little longer to read. [potion of cure mutation]
  1217 | D:5      | Reached skill level 10 in Unarmed Combat
  1604 | D:5      | Reached XP level 8. HP: 31/64 MP: 7/7
  1631 | D:6      | Found a staircase to the Ecumenical Temple.
  1640 | Temple   | Entered the Ecumenical Temple
  1658 | Temple   | Became a worshipper of Warmaster Okawaru
  1771 | D:7      | Identified a scroll of acquirement
  1773 | D:7      | Reached skill level 11 in Unarmed Combat
  1810 | D:6      | Slain by a killer bee

Vault maps used:
D:1:      lightli_arrival_lavapool, minmay_misc_feat_enclosed,
          minmay_misc_feat_tower, hangedman_feature_mirror
D:2:      uniq_sigmund
D:4:      first_bread, serial_bayou_lagoon_b, uniq_crazy_yiuf_cottage,
          uniq_robin, uniq_grinder
D:5:      serial_corexii_hall, corexii_hall_statues_x, corexii_hall_statues_x,
          corexii_hall_statues_i, corexii_hall_statues_u, uniq_eustachio
D:6:      uniq_edmund, uniq_pikel
D:7:      serial_shops, shop
Temple:   compressed_dpeg_circular_temple

Skill      XL: |  1  2  3  4  5  6  7  8 |
---------------+-------------------------+-----
Unarmed Combat | 3 4 6 7 8 10 11 | 11.3
Fighting       | |  3.6
Armour         | |  3.6
Shields        | |  3.6

Action                   |  1- 3 |  4- 6 |  7- 9 || total
-------------------------+-------+-------+-------++-------
Melee: Unarmed           |    61 |    65 |    99 ||   225
       Headbutt          |     8 |    10 |    17 ||    35
Evoke: Wand              |       |       |     4 ||     4
  Use: Potion            |     1 |     3 |     2 ||     6
       Scroll            |       |     3 |     2 ||     5
  Eat: Chunk             |       |       |     3 ||     3
Armor: Scale mail        |    26 |    25 |    15 ||    66
       Chain mail        |       |       |    28 ||    28
Dodge: Dodged            |    20 |    17 |    24 ||    61
Block: Shield            |    46 |    21 |    60 ||   127

Table legend:
 A = Turns spent in this place as a percentage of turns spent in the entire game.
 B = Non-inter-level travel turns spent in this place as a percentage of non-inter-level travel turns spent in the entire game.
 C = Inter-level travel turns spent in this place as a percentage of turns spent in this place.
 D = Turns resting spent in this place as a percentage of non-inter-level travel turns spent in this place.
 E = Turns spent auto-exploring this place as a percentage of non-inter-level travel turns spent in this place.
 F = Non-inter-level travel turns spent in this place divided by the number of levels of this place that you've seen.
                   A       B       C       D       E      F
               +-------+-------+-------+-------+-------+----------------------
         Total | 100.0 | 100.0 |   0.0 |   0.1 |   0.0 | 220.0
       Dungeon |  98.4 |  98.4 |   0.0 |   0.1 |   0.0 | 247.3
        Temple |   1.6 |   1.6 |   0.0 |   0.0 |   0.0 |  29.0
               +-------+-------+-------+-------+-------+----------------------

Table legend:
 A = Kills in this place as a percentage of kills in entire the game.
 B = Kills by you in this place as a percentage of kills by you in the entire game.
 C = Kills by friends in this place as a percentage of kills by friends in the entire game.
 D = Other kills in this place as a percentage of other kills in the entire game.
 E = Experience gained in this place as a percentage of experience gained in the entire game.
 F = Experience gained in this place divided by the number of levels of this place that you have seen.
                   A       B       C       D       E      F
               +-------+-------+-------+-------+-------+----------------------
         Total | 100.0 | 100.0 |  -nan |  -nan | 100.0 | 245.6
       Dungeon | 100.0 | 100.0 |  -nan |  -nan | 100.0 | 280.7
               +-------+-------+-------+-------+-------+----------------------
